Map: Emerald City LE

Players

ChewieDOG - Winner!

  • Race: Zerg Zerg
  • League: Diamond
  • Spawn Location: 11:00

DenVerDOG - Winner!

  • Race: Terran Terran
  • League: Diamond
  • Spawn Location: 11:00

qqq

  • Race: Zerg Zerg
  • League: Platinum
  • Spawn Location: 5:00

Massa

  • Race: Terran Terran
  • League: Platinum
  • Spawn Location: 5:00

VOD

Have the link to the VOD?

Description

Time

  • Played on: Dec. 10, 2020, 2:02 p.m.
  • Length: 5:43
Show
View Real Time Build Order
Export as new Build Order

ChewieDOG Zerg - Winner!

Build Orders: Pool First 

Get SALT Encoding   

  12  0:02  Drone  
  13  0:12  Overlord  
  13  0:16  Drone  
  14  0:28  Extractor, Drone  
  14  0:31  Drone  
  15  0:36  Drone  
  16  0:53  Drone, Spawning Pool  
  16  1:18  Hatchery  
  15  1:21  Drone  
  16  1:38  Overlord  
  16  1:41  Zergling x4  
  16  1:46  Metabolic Boost  
  18  1:56  Queen  
  20  2:02  Drone  
  21  2:12  Drone x2  
  23  2:27  Zergling x2  
  24  2:33  Drone  
  25  2:39  Queen, Overlord  
  27  2:46  Zergling x4  
  29  2:52  Zergling x2  
  29  2:55  Drone  
  31  2:59  Baneling Nest  
  31  3:01  Queen  
  31  3:04  Zergling x2  
  33  3:09  Zergling x2  
  33  3:10  Zergling x6  
  37  3:15  Drone  
  38  3:21  Drone  
  39  3:31  Drone x2  
  32  4:29  Zergling x18  
  39  4:43  Roach Warren  
  39  4:44  Hatchery, Queen x2  
  41  4:56  Drone x2  
  41  4:57  Drone, Overlord  
  44  5:04  Extractor  
  44  5:05  Drone  
  44  5:06  Drone, Evolution Chamber  
  44  5:08  Overlord  
  44  5:10  Baneling  
  44  5:11  Baneling x7  
  44  5:15  Drone  
  44  5:16  Drone x4  
Show
View Real Time Build Order
Export as new Build Order

DenVerDOG Terran - Winner!

Build Orders: 1/1/1 

Get SALT Encoding   

  12  0:00  SCV  
  13  0:13  SCV  
  14  0:18  Supply Depot  
  14  0:25  SCV  
  15  0:30  Refinery  
  15  0:42  Barracks  
  15  0:48  Refinery  
  15  0:52  SCV  
  16  1:04  SCV  
  17  1:16  SCV  
  18  1:31  Factory  
  18  1:32  Barracks Reactor  
  18  1:40  Orbital Command  
  18  1:50  Supply Depot  
  18  2:06  SCV  
  19  2:17  Barracks Tech Lab  
  19  2:18  Starport  
  19  2:22  Hellion  
  21  2:24  Hellion  
  21  2:27  SCV  
  24  2:36  Supply Depot  
  24  2:39  SCV  
  24  2:43  Hellion  
  27  2:47  Hellion  
  29  3:01  Fusion Core  
  29  3:22  SCV  
  30  3:38  Command Center  
  30  3:53  Battlecruiser  
  32  4:29  Hellion  
  32  4:30  Hellion  
  32  4:32  SCV  
  32  4:34  Barracks Reactor  
  33  4:44  SCV, Factory  
  34  4:50  Supply Depot  
  34  4:52  Orbital Command  
  34  4:58  Hellion  
  34  4:59  Hellion  
Show
View Real Time Build Order
Export as new Build Order

qqq Zerg 

Build Orders: Hatch First 

Get SALT Encoding   

  12  0:00  Drone  
  13  0:08  Drone  
  14  0:23  Overlord  
  14  0:47  Drone  
  14  0:49  Hatchery  
  14  0:52  Drone  
  15  1:01  Drone x2  
  17  1:15  Drone  
  18  1:27  Drone  
  18  1:30  Extractor, Spawning Pool  
  17  1:47  Drone x2  
  19  1:56  Drone  
  20  2:10  Overlord  
  20  2:13  Extractor  
  19  2:15  Drone x2  
  19  2:17  Queen  
  19  2:19  Queen  
  25  2:30  Drone  
  25  2:32  Metabolic Boost  
  26  2:39  Zergling x4  
  26  2:40  Zergling x2  
  26  2:42  Drone  
  30  2:53  Drone  
  30  2:58  Zergling x2  
  32  3:05  Drone x2  
  34  3:09  Zergling x2  
  35  3:17  Zergling x2  
  36  3:28  Overlord x2  
  36  3:30  Lair  
  36  3:31  Overlord  
  36  3:32  Overlord x3  
  31  3:49  Zergling x2  
  31  3:51  Zergling x6  
  27  4:04  Drone  
  27  4:05  Roach Warren, Zergling x2  
  27  4:09  Drone  
  28  4:10  Drone x4  
  20  4:25  Drone x2  
  21  4:37  Drone x2  
  23  4:39  Drone  
  23  4:43  Drone  
  25  4:54  Zergling x4  
  25  4:58  Zergling x4  
  29  5:14  Spore Crawler  
  29  5:17  Spore Crawler  
  29  5:19  Roach x2  
  29  5:20  Roach  
  29  5:21  Roach  
Show
View Real Time Build Order
Export as new Build Order

Massa Terran 

Build Orders: 2 Factory 

Get SALT Encoding   

  12  0:00  SCV  
  13  0:12  SCV  
  14  0:23  Supply Depot  
  14  0:24  SCV  
  15  0:45  SCV  
  15  0:46  Barracks  
  16  0:57  SCV  
  16  1:01  Refinery  
  17  1:13  SCV  
  18  1:25  SCV  
  19  1:37  SCV  
  20  1:40  Command Center  
  20  1:43  Reaper  
  21  1:49  Orbital Command  
  21  2:08  Supply Depot  
  21  2:13  Supply Depot  
  21  2:15  Marine  
  22  2:17  SCV  
  23  2:29  SCV  
  24  2:30  Factory  
  24  2:37  Barracks Tech Lab  
  24  2:42  SCV  
  25  2:52  Refinery  
  25  2:54  SCV  
  26  3:04  Barracks Reactor  
  26  3:06  SCV  
  29  3:20  Hellion  
  29  3:23  Factory  
  29  3:24  Orbital Command  
  29  3:27  Command Center  
  29  3:32  SCV  
  32  3:41  Hellion  
  30  3:53  Marine  
  30  3:54  Marine  
  30  3:58  SCV x2  
  34  4:03  Hellion  
  34  4:10  SCV x2, Hellion  
  34  4:11  Marine  
  34  4:12  Marine  
  35  4:24  Hellion  
  35  4:29  Marine x2  
  35  4:31  Hellion  
  38  4:37  SCV x2  
  40  4:41  Orbital Command  
  40  4:47  Marine x2  
  40  4:49  SCV  
  40  4:50  SCV  
  44  4:59  Hellion  
  46  5:02  SCV x2  
  48  5:14  SCV  
  45  5:17  Engineering Bay  
Tags
 
Add a new tag
Caveats
  • Supply blocks, unpowered buildings, or Contaminate may cause inaccurate times.
  • Supply counts are checked every 10 seconds.